 Dungeon Crawl Stone Soup version 0.24-a0-201-gf205589 (console) character file.

Game seed: 9794450315989546933

100 bli the Ducker (level 4, 0/31 HPs)
             Began as an Octopode Fighter on Mar 23, 2019.
             Slain by Terence
             ... wielding a +0 mace
              (10 damage)
             ... on level 3 of the Dungeon.
             The game lasted 00:03:34 (1252 turns).

bli the Ducker (Octopode Fighter)                   Turns: 1252, Time: 00:03:35

Health: 0/31       AC:  1    Str: 15    XL:     4   Next: 74%
Magic:  13/13      EV: 12    Int: 10    God:
Gold:   130        SH:  8    Dex: 12    Spells: 3/3 levels left

rFire    . . .     SeeInvis +   a - +0 long sword
rCold    . . .     Gourm    .   b - +0 shield
rNeg     . . .     Faith    .   (helmet restricted)
rPois    .         Spirit   .   p - amulet of regeneration
rElec    .         Reflect  .   k - ring of see invisible
rCorr    .         Harm     .   n - ring of magical power
MR       .....                  (no ring)
Stlth    +++.......             (no ring)
HPRegen  0.50/turn              (no ring)
MPRegen  0.13/turn              (no ring)
                                (no ring)
                                (no ring)

@: no status effects
A: almost no armour, stealthy swim, amphibious, 8 rings, constrict 8, camouflage
1, gelatinous body 1
a: no special abilities


You were on level 3 of the Dungeon.
You were not hungry.

You visited 1 branch of the dungeon, and saw 3 of its levels.

You collected 130 gold pieces.

Inventory:

Hand Weapons
 a - a +0 long sword (weapon)
 i - a +0 hunting sling
Missiles
 g - 108 stones (quivered)
 l - 12 poisoned needles
 m - 3 javelins
Armour
 b - a +0 shield (worn)
Jewellery
 k - a ring of see invisible (left tentacle)
 n - a ring of magical power (right tentacle)
 p - an amulet of regeneration (around mantle)
Wands
 r - a wand of polymorph (3)
Scrolls
 h - a scroll of amnesia {unknown}
 j - 3 scrolls of identify {unknown}
 q - 2 scrolls of fog {unknown}
Potions
 c - a potion of might
 e - a potion of brilliance {unknown}
 o - a potion of invisibility {unknown}
Comestibles
 d - 6 rations
 f - 7 chunks of flesh


   Skills:
 + Level 3.0 Fighting
 + Level 2.7 Long Blades
 * Level 4.4 Dodging
 + Level 2.2 Stealth
 + Level 3.0 Shields


You had 3 spell levels left.
You didn't know any spells.
Your spell library was empty.

Dungeon Overview and Level Annotations

Branches:
Dungeon (3/15)

Altars:

Annotations:
D:3 Terence


Innate Abilities, Weirdness & Mutations

You cannot wear most types of armour.
You are very stealthy in the water. (Stealth+)
You are amphibious.
You can wear up to eight rings at the same time.
You can use your tentacles to constrict eight enemies at once.
Your skin changes colour to match your surroundings (Stealth+).
Your rubbery body absorbs attacks. (AC +1, EV +1)


Message History

Terence is moderately wounded.
Terence zaps a wand.
The puff of flame hits you!
You barely miss Terence. Your grab misses Terence.
Terence is moderately wounded.
Terence barely misses you.
You closely miss Terence. You grab Terence. You squeeze Terence.
Terence is moderately wounded.
You constrict Terence, but do no damage.
Terence hits you but does no damage. You block Terence's attack.
You hit Terence.
Terence is moderately wounded.
You constrict Terence. Terence hits you with a +0 mace.
You completely miss Terence. You squeeze Terence, but do no damage.
Terence is heavily wounded.
You constrict Terence.
Terence zaps a wand.
The puff of flame hits you!
* * * LOW HITPOINT WARNING * * *
You hit Terence but do no damage. You squeeze Terence.
Terence is severely wounded.
You constrict Terence. Terence hits you with a +0 mace!
You die...

.. #.. ..P ... #.. ..#
...##.. ##..#
##.".......# #...#
...........# +...####.
###.........####...P....
.......................
#...>..#.#<##.[.......
#......#.#.###.#######
#......#.#.###.#######
#...@@................
#.####.#.###.#.#######
#.#.# #.#.# #.#.# #.#.#
#.#.# #.#.# #.#.# #.#.#
#.#.# #.#.# ..#.# #.#.#
#.# ...


You could see Terence.

Vanquished Creatures
  Jessica (D:3)
  4 adders (D:2)
  A dart slug (D:2)
  4 bats
  5 giant cockroaches
  5 goblins
  5 hobgoblins
  A ball python (D:1)
  4 frilled lizards
  5 kobolds
  2 rats (D:1)
37 creatures vanquished.

Notes
Turn   | Place    | Note
-------+----------+-------------------------------------------
     0 | D:1      | bli the Octopode Fighter began the quest for the Orb.
     0 | D:1      | Reached XP level 1. HP: 16/16 MP: 1/1
    29 | D:1      | Reached XP level 2. HP: 11/21 MP: 2/2
   274 | D:2      | Reached skill level 4 in Dodging
   274 | D:2      | Reached XP level 3. HP: 23/26 MP: 3/3
   467 | D:1      | Reached skill level 1 in Stealth
   851 | D:1      | Reached XP level 4. HP: 26/31 MP: 4/4
  1223 | D:3      | Noticed Jessica
  1226 | D:3      | Killed Jessica
  1241 | D:3      | Noticed Terence
  1252 | D:3      | Slain by Terence

Levels and vault maps discovered:
D:1:      eino_arrival_tree_alley, layout_basic
D:2:      layout_basic, first_ration
D:3:      corexii_shack_village, layout_basic,
          nemelex_xobeh_ov_fountains_minmay, amethyst_killhole, uniq_sigmund,
          uniq_terence, uniq_jessica, uniq_grinder

Skill      XL: |  1  2  3  4 |
---------------+-------------+-----
Dodging        | 4 |  4.4
Stealth        | 1 2 |  2.2
Fighting       | |  3.0
Long Blades    | |  2.7
Shields        | |  3.0

Action                   |  1- 3 |  4- 6 || total
-------------------------+-------+-------++-------
Melee: Long sword        |    43 |    18 ||    61
       Constrict         |    18 |     3 ||    21
       Tentacles         |     8 |     8 ||    16
 Stab: Sleeping          |     6 |     2 ||     8
  Eat: Chunk             |       |     1 ||     1
Armor: Skin              |     2 |       ||     2
Dodge: Dodged            |    14 |     9 ||    23
Block: Shield            |    19 |     9 ||    28
       Rpst.: Long sword |     6 |     2 ||     8

Table legend:
 A = Non-vault XP
 B = Vault XP
 C = Vault XP percentage of total XP
 D = Non-vault monster count
 E = Vault monster count
 F = Vault count percentage of total count
                 A         B        C        D         E       F
            +---------+---------+-------+---------+---------+-------
      Total |     107 |      37 |  25.7 |      36 |       1 |   2.7
            +---------+---------+-------+---------+---------+-------
        D:1 |      28 |       0 |   0.0 |      18 |       0 |   0.0
        D:2 |      79 |       0 |   0.0 |      18 |       0 |   0.0
        D:3 |       0 |      37 | 100.0 |       0 |       1 | 100.0
            +---------+---------+-------+---------+---------+-------
